 Dungeon Crawl Stone Soup version 0.29-a0-334-gb41bcbb86e (webtiles) character file.

Game seed: 11101246983198584235

2959 zazu2006 the Sneak (level 9, -13/76 HPs)
             Began as a Naga Hedge Wizard on Apr 13, 2022.
             Mangled by an orc warlord
             ... wielding a +0 war axe
              (17 damage)
             ... in a bailey.
             The game lasted 00:21:44 (9101 turns).

zazu2006 the Sneak (Naga Hedge Wizard)              Turns: 9101, Time: 00:21:45

Health: -13/76     AC: 13    Str: 17    XL:     9   Next: 81%
Magic:  7/19       EV: 10    Int: 22    God:
Gold:   449        SH:  0    Dex: 12    Spells: 12/21 levels left

rFire   . . .      SeeInvis +   C - +2 dagger (venom)
rCold   . . .      Faith    .   (no shield)
rNeg    . . .      Spirit   .   a - +0 leather armour
rPois   +          Reflect  .   s - +0 helmet
rElec   .          Harm     .   B - +0 cloak
rCorr   .          Rampage  .   H - +1 pair of gloves {Str+3}
Will    +....                   (no barding)
Stlth   +.........              (no amulet)
HPRegen 0.22/turn               x - +4 ring of protection
MPRegen 0.16/turn               g - +6 ring of intelligence

@: on berserk cooldown, on blink cooldown, slowed, glowing, very slow
A: AC +3, large, see invisible, deformed body, poison resistance, slowness 2,
spit poison 1, naga tail 1
a: Spit Poison


You were in a bailey.
You visited 1 branch of the dungeon, and saw 7 of its levels.
You also visited: Bailey.

You collected 449 gold pieces.

Inventory:

Hand Weapons
 c - a +2 dagger of freezing
 C - a +2 dagger of venom (weapon)
Missiles
 o - a throwing net
Armour
 a - a +0 leather armour (worn)
 s - a +0 helmet (worn)
 B - a +0 cloak (worn)
 H - a +1 pair of gloves of strength (worn)
Jewellery
 g - a +6 ring of intelligence (right hand)
 h - a ring of positive energy
 x - a +4 ring of protection (left hand)
 y - an amulet of guardian spirit
Wands
 t - a wand of acid (2)
 u - a wand of polymorph (3)
 G - a wand of iceblast (12)
Scrolls
 f - a scroll of magic mapping
 k - 3 scrolls of noise
 m - a scroll of holy word {unknown}
 q - 2 scrolls of blinking
 r - 2 scrolls of fear {unknown}
 v - 2 scrolls of teleportation {unknown}
 A - a scroll of brand weapon
 E - a scroll of immolation {unknown}
 F - 3 scrolls of enchant weapon {unknown}
 J - a scroll of amnesia {unknown}
 K - a scroll of vulnerability {unknown}
 L - a scroll of identify
 N - a scroll of enchant armour {unknown}
Potions
 b - a potion of resistance {unknown}
 d - a potion of magic
 e - 6 potions of curing
 i - 4 potions of mutation
 j - a potion of ambrosia {unknown}
 l - a potion of brilliance {unknown}
 n - a potion of invisibility {unknown}
 w - 4 potions of lignification {unknown}
 D - a potion of experience
 I - a potion of cancellation {unknown}
 M - 2 potions of haste {unknown}


   Skills:
 + Level 3.2 Fighting
 + Level 3.5 Armour
 + Level 3.8 Dodging
 + Level 6.7 Stealth
 + Level 6.6 Spellcasting
 + Level 5.2 Conjurations
 + Level 1.0 Summonings
 + Level 1.7 Translocations
 + Level 1.0 Fire Magic
 + Level 2.1 Air Magic
 + Level 6.6 Poison Magic
 + Level 1.1 Evocations


You had 12 spell levels left.
You knew the following spells:

 Your Spells              Type           Power      Damage    Failure   Level
a - Magic Dart            Conj           100%       1d8       1%          1
b - Mephitic Cloud        Conj/Pois/Air  27%        N/A       4%          3
c - Conjure Flame         Conj/Fire      21%        6-21      9%          3
d - Blink                 Tloc           30%        N/A       8%          2

Your spell library contained the following spells:

 Spells                   Type           Power      Damage    Failure   Level
 Slow                     Hex            28%        N/A       10%         1
 Call Imp                 Summ           11%        N/A       10%         2


Dungeon Overview and Level Annotations

Branches:
Dungeon (7/15)             Temple (0/1) D:7          Bailey (1/1)

Altars:
Dithmenos
Fedhas
Nemelex Xobeh
Okawaru
Trog
Uskayaw
Xom

Shops:
D:4 (


Innate Abilities, Weirdness & Mutations

Your serpentine skin is tough. (AC +3)
You have supernaturally acute eyesight. (SInv)
Armour fits poorly on your strangely shaped body.
Your system is resistant to poisons. (rPois)
You cover ground very slowly.
You can spit poison.
You have a snake-like lower body.


Message History

There is an open gate here.
Your magical contamination has completely faded away.
You feel your anger nearly subside.
You are too berserk!
You are too berserk!
You are no longer berserk.
You are exhausted.
You feel yourself slow down.
You see here a boomerang.
You feel much better.
The orc warlord hits you with a +0 war axe! x2
* * * LOW HITPOINT WARNING * * *
You feel much better.
The orc warlord hits you with a +0 war axe!!
* * * LOW HITPOINT WARNING * * *
You feel much better.
The gnoll hits you with the +10 morningstar "Eos" {elec, Halo rElec}.
The orc warlord closely misses you.
The gnoll hits you with the +10 morningstar "Eos" {elec, Halo rElec}!
* * * LOW HITPOINT WARNING * * *
The orc warlord hits you with a +0 war axe.
* * * LOW HITPOINT WARNING * * *
You feel much better.
The gnoll hits you with the +10 morningstar "Eos" {elec, Halo rElec}!
The orc warlord hits you with a +0 war axe!
* * * LOW HITPOINT WARNING * * *
Okay, then.
Okay, then.
Casting: Mephitic Cloud (dangerous; 4% risk of failure)
Confirm with . or Enter, or press ? or * to list all spells.
You blink.
Blink to where?
Press: ? - help, Dir - move target, p - orc warlord
As you read the scroll labelled FANURPH KEMUTIHUG, it crumbles to dust.
It was a scroll of blinking.
The gnoll closely misses you.
The orc warlord hits you with a +0 war axe!
* * * LOW HITPOINT WARNING * * *
The gnoll completely misses you.
The orc warlord hits you with a +0 war axe!
You die...

♣♣♣♣♣
♣♣♣♣♣♣♣♣♣♣.∩.♣♣♣♣♣♣♣♣♣♣
♣≈≈≈≈≈≈.........≈≈≈≈≈≈♣
≈≈≈≈≈≈≈...g@....≈≈≈≈≈≈≈
≈≈#####(..o.....#####≈≈
##...##.))....##...##
##.....##.....##.....##
##...8...##'''##...8...##
##.........(.............##
#..........(....).........#
#..8..8.....((...)..8..8..#
#.........................#


You could see an orc warlord (poisoned) and a gnoll.

Vanquished Creatures
  An orc knight (Bailey)
  A troll (D:6)
  A wyvern (D:7)
  A water moccasin (D:6)
  2 orc warriors (Bailey)
  A sky beast (D:6)
  2 ice beasts
  3 ogres
  2 centaurs (D:6)
  A necrophage (D:6)
  A bullfrog (D:6)
  4 hounds
  A jelly (D:7)
  3 orc priests
  Crazy Yiuf (D:3)
  Ijyb (D:3)
  7 iguanas
  Natasha (thrice) (D:2)
  8 orc wizards
  Robin (D:2)
  6 gnolls
  13 adders
  A white imp (D:6)
  2 ufetubi
  A worm (D:3)
  4 dart slugs
  18 orcs
  7 ball pythons
  4 bats
  3 endoplasms
  3 giant cockroaches
  14 goblins
  17 hobgoblins
  17 kobolds
  4 quokkas
  5 rats
164 creatures vanquished.

Notes
Turn   | Place    | Note
-------+----------+-------------------------------------------
     0 | D:1      | zazu2006 the Naga Hedge Wizard began the quest for the Orb.
     0 | D:1      | Reached XP level 1. HP: 15/15 MP: 4/4
   314 | D:1      | Reached XP level 2. HP: 22/22 MP: 1/6
   361 | D:1      | Found a faded altar of an unknown god.
  1065 | D:2      | Noticed Natasha
  1071 | D:2      | Killed Natasha
  1072 | D:2      | Reached XP level 3. HP: 10/28 MP: 5/8
  1304 | D:2      | Learned a level 3 spell: Mephitic Cloud
  1310 | D:2      | Learned a level 3 spell: Conjure Flame
  1313 | D:2      | Learned a level 2 spell: Blink
  1538 | D:2      | Reached XP level 4. HP: 36/36 MP: 6/9
  1550 | D:2      | Noticed Natasha
  1561 | D:2      | Killed Natasha
  1916 | D:2      | Noticed Natasha
  1925 | D:2      | Killed Natasha
  1925 | D:2      | Noticed Robin
  1926 | D:2      | Reached XP level 5. HP: 16/43 MP: 5/11
  2252 | D:2      | Killed Robin
  2894 | D:3      | Found a runed translucent door.
  2895 | D:3      | Noticed Crazy Yiuf
  3033 | D:3      | Reached skill level 1 in Poison Magic
  3033 | D:3      | Reached XP level 6. HP: 37/50 MP: 8/13
  3035 | D:3      | Noticed Ijyb
  3053 | D:3      | Killed Ijyb
  3583 | D:3      | Reached skill level 1 in Fighting
  3938 | D:3      | Found a shimmering altar of Xom.
  4398 | D:3      | Found a sparkling altar of Nemelex Xobeh.
  4530 | D:3      | Killed Crazy Yiuf
  4636 | D:4      | Reached skill level 5 in Spellcasting
  4664 | D:4      | Found a bloodstained altar of Trog.
  4711 | D:4      | Reached XP level 7. HP: 57/57 MP: 14/14
  4736 | D:4      | Reached skill level 1 in Air Magic
  4889 | D:4      | Found a hide-covered altar of Uskayaw.
  5271 | D:4      | Found a shadowy altar of Dithmenos.
  5320 | D:4      | Found Uwiusm's Antique Weapon Shop.
  5552 | D:5      | Entered Level 5 of the Dungeon
  5739 | D:5      | Reached skill level 5 in Stealth
  6216 | D:5      | Reached skill level 1 in Armour
  6216 | D:5      | Reached XP level 8. HP: 8/64 MP: 6/16
  7570 | D:6      | Noticed a troll
  7587 | D:6      | Killed a troll
  7588 | D:6      | Reached skill level 5 in Poison Magic
  7882 | D:6      | Reached XP level 9. HP: 72/74 MP: 17/17
  8000 | D:6      | Reached skill level 1 in Evocations
  8509 | D:6      | Found an iron altar of Okawaru.
  8512 | D:6      | Found a blossoming altar of Fedhas.
  8674 | D:7      | Found a flagged portal.
  8699 | Bailey   | Entered a bailey
  8775 | Bailey   | Noticed an orc warlord
  8820 | Bailey   | Noticed an orc knight
  8886 | Bailey   | Killed an orc knight
  8887 | Bailey   | Reached skill level 5 in Conjurations
  8887 | Bailey   | Reached skill level 1 in Fire Magic
  9032 | Bailey   | Found a runed translucent gate.
  9033 | Bailey   | Found a runed translucent gate.
  9044 | Bailey   | Found a runed translucent gate.
  9101 | Bailey   | Mangled by an orc warlord

Illustrated notes

Levels and vault maps discovered:
D:1:      tarquinn_simple_flora_water_d, layout_loops_ring,
          hellmonk_ecumenical_altar_pennies_from_heaven
D:2:      layout_loops_cross, hangedman_decor_clover_reticule,
          hangedman_decor_lopped, minmay_crystal_room, corexii_leaking_fountain,
          uniq_natasha, uniq_robin
D:3:      layout_rooms, nemelex_diamond_rough_becter, overflow_temple_1_default,
          uniq_crazy_yiuf_cottage, uniq_ijyb
D:4:      layout_basic, lemuel_coloured_pillars_altar,
          mainiacjoe_overflow_24_doors, kennysheep_mini, serial_shops,
          nicolae_shop_behind_doors
D:5:      layout_loops_ring, minmay_tree_intersection,
          kennysheep_generic_room_10
D:6:      layout_rooms, jmf_multi_god_temple, minmay_door_square
D:7:      layout_loops_corners, kennysheep_mini_moat, lemuel_crystal_altar,
          minmay_temple_entry_glass, enter_bailey_7
Bailey:   bailey_axe_bossmonster_kennysheep, bailey

Skill      XL: |  1  2  3  4  5  6  7  8  9 |
---------------+----------------------------+-----
Stealth        | 4 5 6 |  6.7
Spellcasting   | 4 5 6 |  6.6
Conjurations   | 2 3 4 5 |  5.2
Dodging        | 2 3 |  3.8
Poison Magic   | 1 2 3 5 6 |  6.6
Fighting       | 1 2 3 |  3.2
Air Magic      | 1 2 |  2.1
Armour         | 1 2 3 |  3.5
Evocations     | 1 |  1.1
Fire Magic     | 1 |  1.0
Summonings     | |  1.0
Translocations | |  1.7

Action                   |  1- 3 |  4- 6 |  7- 9 || total
-------------------------+-------+-------+-------++-------
Melee: Dagger            |     9 |   120 |   253 ||   382
       Punch             |       |       |     3 ||     3
 Cast: Magic Dart        |    43 |    84 |    95 ||   222
       Mephitic Cloud    |       |     7 |    22 ||    29
       Blink             |       |       |     5 ||     5
       Conjure Flame     |       |       |     3 ||     3
 Abil: Spit Poison       |     9 |    20 |     4 ||    33
Evoke: Wand              |       |       |     4 ||     4
  Use: Potion            |       |     2 |     5 ||     7
       Scroll            |       |     1 |     6 ||     7
 Stab: Sleeping          |     1 |     1 |     6 ||     8
       Confused          |       |     1 |     3 ||     4
Armor: Robe              |     1 |    42 |       ||    43
       Leather armour    |       |     1 |   122 ||   123
Dodge: Dodged            |    13 |    89 |   135 ||   237

Table legend: (Time is in decaauts)
 A = Elapsed time spent in this place.
 B = Non-inter-level travel time spent in this place.
 C = Inter-level travel time spent in this place.
 D = Time resting spent in this place.
 E = Time spent auto-exploring this place.
 F = Levels seen in this place.
 G = Mean time per level.
                   A        B        C        D        E       F      G
               +--------+--------+--------+--------+--------+-----+--------+
         Total |  10670 |  10392 |    278 |    777 |   7837 |   8 | 1333.8 |
       Dungeon |  10201 |   9923 |    278 |    730 |   7694 |   7 | 1457.3 |
        Bailey |    469 |    469 |      0 |     46 |    143 |   1 |  469.0 |
               +--------+--------+--------+--------+--------+-----+--------+

Top non-repeatable levels by time:
     D:2: 2190 daAuts
     D:6: 1852 daAuts
     D:5: 1644 daAuts
     D:3: 1612 daAuts
     D:1: 1539 daAuts
     D:4: 1226 daAuts
  Bailey: 469 daAuts
     D:7: 135 daAuts
